 Dungeon Crawl Stone Soup version 0.31.0-2-g5a2aebc5c2 (webtiles) character file.

Game seed: 12302085242488588159

30 EnegeticOcto the Shield-Bearer (level 3, -1/33 HPs)
             Began as a Minotaur Fighter on Jan 20, 2024.
             Slain by Sigmund
             ... wielding a +0 scythe
              (9 damage)
             ... on level 2 of the Dungeon.
             The game lasted 00:00:24 (564 turns).

EnegeticOcto the Shield-Bearer (Minotaur Fighter)    Turns: 564, Time: 00:00:25

Health: -1/33      AC:  8    Str: 22    XL:     3   Next: 5%
Magic:  2/2        EV:  8    Int:  5    God:
Gold:   37         SH:  8    Dex:  9    Spells: 2/2 levels left

rFire   . . .        a - +0 war axe
rCold   . . .        f - +0 kite shield
rNeg    . . .        b - +0 scale mail
rPois   .            (helmet restricted)
rElec   .            (no cloak)
rCorr   .            k - +0 pair of gloves
SInv    .            (no boots)
Will    .....        (no amulet) Stlth
                     (no ring)
HPRegen 0.25/turn    (no ring)
MPRegen 0.08/turn

%: no passive effects
@: no status effects
A: horns 2, retaliatory headbutt
a: no special abilities


You were on level 2 of the Dungeon.
You visited 1 branch of the dungeon, and saw 2 of its levels.

You collected 37 gold pieces.

Inventory:

Hand Weapons
 a - a +0 war axe (weapon)
Armour
 b - a +0 scale mail (worn)
 c - a +0 buckler
 f - a +0 kite shield (worn)
   (You found it on level 1 of the Dungeon)
 k - a +0 pair of gloves (worn)
   (You found it on level 2 of the Dungeon)
Scrolls
 e - 2 scrolls of fog {unknown}
 g - a scroll of teleportation {unknown}
 h - a scroll of identify {unknown}
Potions
 d - a potion of might {@q3}
 i - a potion of curing {unknown}
 j - a potion of resistance {unknown}


   Skills:
 + Level 4.0 Fighting
 * Level 3.3 Axes
 + Level 4.0 Armour
 + Level 4.0 Shields


You had 2 spell levels left.
You didn't know any spells.
Your spell library was empty.

Dungeon Overview and Level Annotations

Branches:
Dungeon (2/15)

Altars:

Annotations:
D:2 Sigmund


Innate Abilities, Weirdness & Mutations

You have a pair of horns on your head.
You reflexively headbutt those who attack you in melee.


Message History

You hit the ribbon worm.
You kill the ribbon worm!
Your Shields skill increases to level 4!
You have reached level 3!
Your experience leads to an increase in your attributes!
Increase (s)trength, (i)ntelligence, or (d)exterity?
You feel stronger. x2
You see here a +0 pair of gloves.
You start putting on your armour.
You continue putting on your +0 pair of gloves. x4
You finish putting on your +0 pair of gloves.
A ball python comes into view.
The ball python hisses angrily.
You hear a shout!
Sigmund the Dreaded comes into view.
He is wielding a +0 scythe and wearing a +2 robe of willpower.
There are monsters nearby!
There are monsters nearby!
The ball python bites you but does no damage.
The ball python grabs you. The ball python constricts you.
You block Sigmund's attack.
An adder comes into view.
The adder hisses angrily.
You hit the ball python.
You headbutt the ball python, but do no damage.
The ball python is severely wounded.
You block the ball python's attack. The ball python constricts you.
Sigmund barely misses you.
The ball python bites you but does no damage.
The ball python constricts you.
You hit the ball python.
You kill the ball python!
Sigmund closely misses you.
Your Fighting skill increases to level 4!
Your Armour skill increases to level 4!
Sigmund hits you but does no damage.
You barely miss Sigmund. You headbutt Sigmund.
Sigmund is lightly wounded.
You closely miss the adder. The adder barely misses you.
You block the adder's attack. Sigmund hits you with a +0 scythe.
You hit Sigmund but do no damage.
Sigmund is lightly wounded.
You hit the adder. The adder bites you but does no damage.
Sigmund giggles. "Time to reap what you sow."
You block Sigmund's attack. You block the adder's attack.
You closely miss Sigmund.
Sigmund is lightly wounded.
You miss the adder. You block the adder's attack.
Sigmund points at you and mumbles some strange words.
You are confused.
The adder bites you.
You are too confused!
You are too confused!
You are too confused!
You are too confused!
You are too confused!
You are too confused!
You are too confused!
You are too confused!
You are too confused!
You are too confused!
You're too confused to move!
The adder completely misses you.
Sigmund points at you and mumbles some strange words.
You are more confused.
You bump into the rock wall.
The adder bites you but does no damage. Sigmund barely misses you.
The adder bites you but does no damage. Sigmund hits you but does no damage.
The adder closely misses you. The adder bites you but does no damage.
Sigmund hits you but does no damage. The adder closely misses you.
You miss Sigmund. Your headbutt misses Sigmund.
Sigmund is lightly wounded.
You hit the adder. The adder bites you but does no damage.
Sigmund hits you with a +0 scythe. The adder bites you but does no damage.
You miss Sigmund. Your headbutt misses Sigmund.
Sigmund is lightly wounded.
You closely miss the adder. The adder bites you but does no damage.
Sigmund casts a spell.
Sigmund flickers and vanishes!
Deactivating autopickup; reactivate with Ctrl-A.
The adder bites you but does no damage. Something hits you but does no damage.
You closely miss something. You hit the adder.
You feel less confused. The adder bites you.
You are poisoned.
The adder poisons you! The adder bites you but does no damage.
Something hits you.
You closely miss something. You headbutt something. You closely miss the adder.
You feel sick. You block the adder's attack. The adder barely misses you.
Something hits you!
You hit something. Your headbutt misses something. You barely miss the adder.
You feel sick.
You block the adder's attack. x2; Something hits you.
* * * LOW HITPOINT WARNING * * *
You miss something. Your headbutt misses something. You barely miss the adder.
You feel sick. The adder bites you but does no damage.
You block the adder's attack. Something hits you but does no damage.
You closely miss something. Your headbutt misses something.
You closely miss the adder.
You feel sick.
You are no longer poisoned.
You block the adder's attack. The adder bites you but does no damage.
Something hits you!
You die...

######### #.......#
####### #.#####.#
#.....#
#....##.#######.###
#..............S..#
#....##.#######@{.#
#.#.###.#
#.........
#.#.###.#
##...#####
#.......# ##.##
###.##### #.# #.#
#.# #.# #+# #.# #
#.# ##


You could see an adder.

Vanquished Creatures
  A dart slug (D:1)
  A ribbon worm (D:2)
  3 ball pythons
  2 endoplasms
  2 giant cockroaches (D:1)
  2 goblins (D:1)
  2 quokkas
  3 bats
  A frilled lizard (D:1)
  2 kobolds (D:1)
  7 rats
26 creatures vanquished.

Notes
Turn   | Place    | Note
-------+----------+-------------------------------------------
     0 | D:1      | EnegeticOcto the Minotaur Fighter began the quest for the
                  | Orb.
     0 | D:1      | Reached XP level 1. HP: 19/19 MP: 0/0
    86 | D:1      | Reached XP level 2. HP: 27/27 MP: 1/1
   508 | D:2      | Reached XP level 3. HP: 30/33 MP: 2/2
   544 | D:2      | Noticed Sigmund
   564 | D:2      | Slain by Sigmund

Illustrated notes

Levels and vault maps discovered:
D:1:      spicycebolla_green_bress_n_ham_2, layout_rooms
D:2:      layout_loops_corners, minmay_pentomino_v4, uniq_sigmund

Skill      XL: |  1  2  3 |
---------------+----------+-----
Axes           | 3 |  3.3
Shields        | 4 |  4.0
Fighting       | 4 |  4.0
Armour         | 4 |  4.0

Action                     || total
---------------------------++-------
  Melee: War axe           ||    65
         Headbutt          ||     8
 Armour: Scale mail        ||    69
  Dodge: Dodged            ||    23
  Block: Buckler           ||     5
         Kite shield       ||    47
